 Dungeon Crawl Stone Soup version 0.31-a0-115-g4708a659fe (webtiles) character file.

Game seed: 11871316600279164789

751 promet the Covered (level 7, -5/62 HPs)
             Began as a Minotaur Fighter on May 29, 2023.
             Slain by an ogre
             ... wielding a +0 giant spiked club
              (12 damage)
             ... on level 5 of the Dungeon.
             The game lasted 00:16:29 (4840 turns).

promet the Covered (Minotaur Fighter)               Turns: 4840, Time: 00:16:30

Health: -5/62      AC: 20    Str: 20    XL:     7   Next: 49%
Magic:  6/6        EV:  3    Int:  7    God:
Gold:   230        SH:  0    Dex: 10    Spells: 6/6 levels left

rFire   . . .        a - +0 war axe
rCold   + . .        i - orb {mayhem}
rNeg    . . .        p - +0 crystal plate armour "Ginnem" {rC+ Regen+}
rPois   .            (helmet restricted)
rElec   .            (no cloak)
rCorr   .            (no gloves)
SInv    .            l - +1 pair of boots {Stlth+}
Will    .....        (no amulet) Stlth
                     (no ring)
HPRegen 1.10/turn    (no ring)
MPRegen 0.10/turn

%: mayhem
@: no status effects
A: horns 2, retaliatory headbutt
a: no special abilities


You were on level 5 of the Dungeon.
You visited 1 branch of the dungeon, and saw 5 of its levels.

You collected 230 gold pieces.

Inventory:

Hand Weapons
 a - a +0 war axe (weapon)
 b - a +0 sling
 q - a +1 dagger of electrocution
 u - a +4 short sword
Missiles
 e - 7 stones
 g - 5 poisoned darts (quivered)
 h - 2 javelins
Armour
 c - a +0 buckler
 i - an orb of mayhem (worn)
 k - a +0 scale mail
 l - a +1 pair of boots of stealth (worn)
 p - the +0 crystal plate armour "Ginnem" (worn) {rC+ Regen+}
   (You acquired it on level 4 of the Dungeon)

   rC:        It protects you from cold.
   Regen:     It increases your rate of health regeneration.
 w - the +4 ring mail of the Ward {Rampage rF++ rC+ Stlth+}
   (You found it on level 5 of the Dungeon)

   rF:        It greatly protects you from fire.
   rC:        It protects you from cold.
   Rampage:   It bestows one free step when moving towards enemies.
   Stlth:     It makes you more stealthy.
Scrolls
 s - a scroll of amnesia {unknown}
 t - a scroll of vulnerability {unknown}
 v - 2 scrolls of identify
Potions
 d - a potion of might
 f - a potion of berserk rage
 j - a potion of enlightenment
 m - a potion of ambrosia
 n - 3 potions of lignification
 o - 2 potions of curing
 r - a potion of haste


   Skills:
 * Level 5.6 Fighting
 + Level 6.3 Axes
 + Level 0.3 Ranged Weapons
 + Level 1.3 Throwing
 + Level 6.5 Armour
 + Level 1.7 Dodging
 + Level 0.2 Stealth
 + Level 4.2 Shields


You had 6 spell levels left.
You didn't know any spells.
Your spell library contained the following spells:

 Spells                   Type           Power      Damage    Failure   Level
 Summon Small Mammal      Summ           0%         N/A       100%        1
 Call Canine Familiar     Summ           0%         N/A       100%        3
 Hailstorm                Conj/Ice       0%         3d3       100%        3
 Summon Guardian Golem    Hex/Summ       0%         N/A       100%        3
 Ice Form                 Ice/Tmut       0%         N/A       100%        4
 Simulacrum               Ice/Necr       0%         N/A       100%        6


Dungeon Overview and Level Annotations

Branches:
Dungeon (5/15)
 Temple: D:4-7

Altars:


Innate Abilities, Weirdness & Mutations

You have a pair of horns on your head.
You reflexively headbutt those who attack you in melee.


Message History

You barely miss the hound.
The hound is almost dead.
The hound barks!
You hear an angry hiss.
The hound barely misses you.
The hound bites you but does no damage. x2
You see here a +0 spear.
The hound bites you but does no damage. The hound attacks as you move away!
The hound bites you but does no damage. The hound bites you but does no damage.
The hound bites you but does no damage.
You slash the hound!
You kill the hound!
You slash the scorpion!
The scorpion is heavily wounded.
The scorpion barely misses you.
The scorpion stings you but does no damage.
You barely miss the scorpion.
The scorpion is heavily wounded.
The scorpion stings you.
You slash the scorpion!
You kill the scorpion!
The ogre flies into a frenzy!
The ogre closely misses the hound. x2
The hound bites you.
You hit the hound.
The hound is moderately wounded.
The hound bites you.
The ogre hits the hound with a +0 giant spiked club!!
The hound dies!
The ogre hits you with a +0 giant spiked club!!
You barely miss the ogre.
You headbutt the ogre, but do no damage.
The ogre hits you with a +0 giant spiked club!
You slash the ogre! Your headbutt misses the ogre.
The ogre is moderately wounded.
The ogre hits you with a +0 giant spiked club!!
* * * LOW HITPOINT WARNING * * *
You slash the ogre! You headbutt the ogre.
The ogre is severely wounded.
The ogre hits you with a +0 giant spiked club!
You die...

### #.# .# .... #.# #.# #.#
..... #.# #.# . #.# ....$####.#
#.# .. #.# ........#.# #.# ...
#.# ........#.###.##.... #.#
.........).......... #.#
........#.....########+####.###
#+#.....####.O@.........^†.....
#..h.O# #.###..........#.###
.......# #.# +..........#.#
........# #.# #..........#.#
...#....# #.# #........#)#.#
#####...# #.# #.#.#.#.##.#.#
#.# #<..#.#....#.# ..#
..#.#.#.####.# ..............#


You could see a neutral ogre (fast, strong, insane).

Vanquished Creatures
  Duvessa (D:4)
  A black bear (D:4)
  3 scorpions
  Dowan (D:4)
  A howler monkey (D:4)
  3 hounds
  An iguana (D:4)
  Terence (D:3)
  4 adders
  A worm (D:3)
  2 dart slugs
  2 orcs
  9 ball pythons
  A bat (D:1)
  6 endoplasms
  5 giant cockroaches
  12 goblins
  10 hobgoblins
  7 jackals
  5 kobolds
  3 quokkas (D:4)
  3 frilled lizards
  8 rats
90 creatures vanquished.

Vanquished Creatures (collateral kills)
  A hound (D:5)
1 creature vanquished.

Grand Total: 91 creatures vanquished

Notes
Turn   | Place    | Note
-------+----------+-------------------------------------------
     0 | D:1      | promet the Minotaur Fighter began the quest for the Orb.
     0 | D:1      | Reached XP level 1. HP: 19/19 MP: 0/0
   231 | D:1      | Reached XP level 2. HP: 27/27 MP: 1/1
  1091 | D:2      | Reached XP level 3. HP: 33/33 MP: 2/2
  1943 | D:2      | Reached XP level 4. HP: 40/40 MP: 3/3
  2186 | D:3      | Noticed Terence
  2188 | D:3      | Reached skill level 1 in Dodging
  2199 | D:3      | Killed Terence
  2200 | D:3      | Reached skill level 5 in Armour
  3002 | D:4      | Reached XP level 5. HP: 46/46 MP: 4/4
  3091 | D:4      | Identified a scroll of acquirement
  3091 | D:4      | Acquired the +0 crystal plate armour "Ginnem" {rC+ Regen+}
  3245 | D:4      | Noticed a black bear
  3252 | D:4      | Killed a black bear
  3253 | D:4      | Reached skill level 1 in Throwing
  3359 | D:4      | Reached XP level 6. HP: 50/53 MP: 5/5
  3873 | D:4      | Reached skill level 5 in Axes
  4142 | D:4      | Noticed Duvessa
  4142 | D:4      | Noticed Dowan
  4178 | D:4      | Killed Duvessa
  4179 | D:4      | Reached skill level 5 in Fighting
  4179 | D:4      | Reached XP level 7. HP: 52/61 MP: 6/6
  4523 | D:4      | Killed Dowan
  4765 | D:5      | Entered Level 5 of the Dungeon
  4808 | D:5      | Identified the +4 ring mail of the Ward {Rampage rF++ rC+
                  | Stlth+}
  4840 | D:5      | Slain by an ogre

Illustrated notes

Levels and vault maps discovered:
D:1:      dpeg_arrival_shelter, layout_loops_ring, item_on_display_b
D:2:      layout_loops_corners, kennysheep_generic_room_15
D:3:      layout_rooms, uniq_terence
D:4:      dreamdust_elfheim, layout_basic
D:5:      layout_basic, gammafunk_ghost_nasty_kobolds, guppyfry_shop_venom

Skill      XL: |  1  2  3  4  5  6  7 |
---------------+----------------------+-----
Shields        | 4 |  4.2
Armour         | 4 5 6 |  6.5
Fighting       | 4 5 |  5.6
Axes           | 3 4 5 6 |  6.3
Dodging        | 1 |  1.7
Throwing       | 1 |  1.3
Ranged Weapons | |  0.3
Stealth        | |  0.2

Action                     |  1- 3 |  4- 6 |  7- 9 || total
---------------------------+-------+-------+-------++-------
  Melee: War axe           |    75 |   123 |    25 ||   223
         Headbutt          |    13 |    20 |     4 ||    37
   Fire: Sling             |     3 |       |       ||     3
  Throw: Stone             |     2 |     8 |       ||    10
         Dart              |       |     1 |       ||     1
         Javelin           |       |     1 |       ||     1
    Use: Scroll            |       |     8 |       ||     8
 Armour: Scale mail        |    43 |    47 |       ||    90
         Crystal plate arm |       |    54 |    27 ||    81
  Dodge: Dodged            |    43 |    49 |     4 ||    96
  Block: Buckler           |    16 |       |       ||    16

Table legend: (Time is in decaauts)
 A = Elapsed time spent in this place.
 B = Non-inter-level travel time spent in this place.
 C = Inter-level travel time spent in this place.
 D = Time resting spent in this place.
 E = Time spent auto-exploring this place.
 F = Levels seen in this place.
 G = Mean time per level.
                   A        B        C        D        E       F      G
               +--------+--------+--------+--------+--------+-----+--------+
         Total |   4914 |   4748 |    166 |   1246 |   1931 |   5 |  982.8 |
       Dungeon |   4914 |   4748 |    166 |   1246 |   1931 |   5 |  982.8 |
               +--------+--------+--------+--------+--------+-----+--------+

Top non-repeatable levels by time:
     D:4: 1822 daAuts
     D:1: 1100 daAuts
     D:2: 1089 daAuts
     D:3: 824 daAuts
     D:5: 77 daAuts
